 Dungeon Crawl Stone Soup version 0.28.0-43-g3370ac3207 (webtiles) character file.

Game seed: 9054583365459794829

170747 Zeld the Bludgeoner (level 18, -1/105 HPs)
             Began as a Gargoyle Earth Elementalist on Mar 5, 2022.
             Was an Initiate of Gozag.
             Hit by a silver javelin thrown by a merfolk javelineer (2 damage)
             ... on level 4 of the Shoals.
             The game lasted 01:33:27 (66918 turns).

Zeld the Bludgeoner (Gargoyle Earth Elementalist)  Turns: 66918, Time: 01:33:27

Health: -1/105     AC: 32    Str: 12    XL:     18   Next: 0%
Magic:  3/45       EV:  9    Int: 28    God:    Gozag
Gold:   653        SH:  5    Dex: 10    Spells: 21/45 levels left

rFire   + + .      SeeInvis .   a - +7 great mace "Firestarter" {inner flame, rF++}
rCold   . . .      Faith    .   (shield currently unavailable)
rNeg    + . .      Spirit   .   F - +4 scale mail of Jurchuxy {Contam rElec Regen+ Int+4}
rPois   ∞          Reflect  +   d - +1 helmet
rElec   +          Harm     .   L - +0 cloak {Stlth+}
rCorr   .          Rampage  .   I - +0 pair of gloves
Will    +....                   v - +0 pair of boots
Stlth   ++........              s - amulet of reflection
HPRegen 1.07/turn               b - ring of magical power
MPRegen 0.29/turn               K - ring of wizardry

@: gold aura, flying
A: sickness immunity, AC +13, big wings, negative energy resistance 1,
electricity resistance, torment resistance 1, petrification resistance
a: Renounce Religion, Potion Petition, Call Merchant, Bribe Branch


You were on level 4 of the Shoals.
You worshipped Gozag.
Gozag was pleased with you.
You visited 5 branches of the dungeon, and saw 25 of its levels.
You also visited: Sewer and Gauntlet.

You collected 10604 gold pieces.
You spent 6408 gold pieces at shops.
You paid 3543 gold pieces to Gozag.

Inventory:

Hand Weapons
 a - the +7 great mace "Firestarter" (weapon) {inner flame, rF++}
   (You bought it in a shop on level 3 of the Lair of Beasts)

   It burns those it strikes, dealing additional fire damage.
   It fills those it strikes with an explosive inner flame.
   It grants immunity to clouds of flame.
   rF:        It greatly protects you from fire.
Missiles
 q - 652 stones
Armour
 d - a +1 helmet (worn)
 v - a +0 pair of boots (worn)
 F - the +4 scale mail of Jurchuxy (worn) {Contam rElec Regen+ Int+4}
   (You bought it in a shop on level 2 of the Orcish Mines)

   Int:       It affects your intelligence (+4).
   rElec:     It insulates you from electricity.
   Contam:    It causes magical contamination when unequipped.
   Regen:     It increases your rate of health regeneration.
 I - a +0 pair of gloves (worn)
 L - a +0 cloak of stealth (worn)
Jewellery
 b - a ring of magical power (left hand)
 i - a ring of resist corrosion
 s - an amulet of reflection (around neck)
 K - a ring of wizardry (right hand)
Wands
 c - a wand of paralysis (1)
 e - a wand of flame (23)
 g - a wand of polymorph (17)
 h - a wand of iceblast (5)
 m - a wand of charming (14)
 u - a wand of digging (4)
Scrolls
 j - 2 scrolls of enchant armour
 n - 6 scrolls of identify
 r - 3 scrolls of magic mapping
 B - 3 scrolls of amnesia
 D - 2 scrolls of holy word
 J - 5 scrolls of enchant weapon
Potions
 f - 4 potions of haste
 k - a potion of berserk rage
 l - 4 potions of curing
 o - 2 potions of cancellation
 p - 2 potions of brilliance
 t - a potion of resistance
 E - 2 potions of might
Miscellaneous
 x - a box of beasts
 y - a phial of floods
 z - a condenser vane


   Skills:
 + Level 9.3 Fighting
 + Level 16.7 Maces & Flails
 + Level 9.6 Armour
 - Level 2.0 Dodging
 - Level 4.0 Stealth
 - Level 14.0 Spellcasting
 - Level 12.0 Conjurations
 - Level 1.0 Transmutations
 + Level 15.8 Earth Magic
 - Level 10.0 Evocations


You had 21 spell levels left.
You knew the following spells:

 Your Spells              Type           Power      Damage    Failure   Level
a - Sandblast             Erth           100%       2d20      0%          1
b - Passwall              Tmut/Erth      50%        N/A       1%          2
c - Stone Arrow           Conj/Erth      100%       3d13      1%          3
d - Petrify               Tmut/Erth      61%        N/A       1%          4
e - Iron Shot             Conj/Erth      39%        9d8       1%          6
f - Lehudib's Crystal Sp  Conj/Erth      39%        10d10     61%         8

Your spell library contained the following spells:

 Spells                   Type           Power      Damage    Failure   Level
 Shock                    Conj/Air       100%       1d9       1%          1
 Conjure Flame            Conj/Fire      52%        6-21      1%          3
 Dazzling Flash           Conj/Hex       100%       N/A       1%          3
 Beastly Appendage        Tmut           50%        N/A       2%          1
 Mephitic Cloud           Conj/Pois/Air  42%        N/A       2%          3
 Sting                    Tmut/Pois      88%        1d7       3%          1
 Iskenderun's Mystic Bla  Conj/Tloc      52%        2d11      3%          4
 Sticky Flame             Conj/Fire      52%        2d7       3%          4
 Wereblood                Tmut           25%        N/A       4%          2
 Borgnjor's Vile Clutch   Necr/Erth      29%        N/A       4%          5
 Poisonous Vapours        Pois/Air       38%        N/A       6%          2
 Irradiate                Conj/Tmut      27%        3d22      8%          5
 Ignite Poison            Fire/Tmut/Pois 21%        N/A       11%         3
 Ozocubu's Armour         Ice            19%        N/A       12%         3
 Swiftness                Air            19%        N/A       12%         3
 Tukima's Dance           Hex            19%        N/A       12%         3
 Freezing Cloud           Conj/Ice/Air   21%        6-21      21%         5
 Airstrike                Air            9%         N/A       36%         4
 Olgreb's Toxic Radiance  Pois           19%        N/A       36%         4
 Passage of Golubria      Tloc           19%        N/A       36%         4
 Starburst                Conj/Fire      26%        6d8       45%         6
 Blade Hands              Tmut           12%        N/A       56%         5
 Alistair's Intoxication  Tmut/Pois      14%        N/A       63%         5
 Yara's Violent Unravell  Hex/Tmut       11%        3d6       63%         5
 Eringya's Noxious Bog    Tmut/Pois      11%        N/A       99%         6
 Simulacrum               Ice/Necr       9%         N/A       99%         6
 Ozocubu's Refrigeration  Ice            9%         4d6       100%        7
 Polar Vortex             Ice            9%         N/A       100%        9
 Statue Form              Tmut/Erth      Unusable   N/A       N/A         6

Dungeon Overview and Level Annotations

Branches:
Dungeon (12/15)            Temple (1/1) D:5            Lair (6/6) D:9
 Shoals (4/4) Lair:3       Spider (0/4) Lair:3        Slime (0/5) Lair:6
    Orc (2/2) D:12            Elf (0/3) Orc:2         Sewer (visited)
Gauntlet (visited)

Altars:
Ashenzari
Cheibriados
Dithmenos
Elyvilon
Fedhas
Gozag
Hepliaklqana
Kikubaaqudgha
Makhleb
Nemelex Xobeh
Okawaru
Qazlal
Ru
Sif Muna
Trog
Uskayaw
Vehumet
Wu Jian
Xom
Yredelemnul
Zin
The Shining One
Beogh
Jiyva

Shops:
D:7 [   D:9 :   Orc:1 ::   Orc:2 *=*[   Lair:3 (   Shoals:4 *

Portals:
Pandemonium: Orc:2


Innate Abilities, Weirdness & Mutations

You are immune to sickness and miasma.
Your stone body is resilient. (AC +13)
You are immune to poison.
Your large and strong wings let you fly.
You resist negative energy. (rN+)
You are resistant to electric shocks. (rElec)
You are resistant to unholy torment.
You are immune to petrification.


Message History

Flame seeps out of the merfolk aquamancer.
You burn the merfolk aquamancer.
Flame seeps out of the merfolk aquamancer.
The merfolk aquamancer is almost dead.
The merfolk aquamancer's inner flame fades away.
The merfolk javelineer throws a silver javelin.
The silver javelin pierces through you but does no damage.
The merfolk javelineer throws a silver javelin.
The silver javelin pierces through you!
You are too injured to fight recklessly!
Unknown command.
The merfolk aquamancer is engulfed in blazing flames.
You kill the merfolk aquamancer!
You now have 653 gold pieces (gained 8).
You hear a splash. x2
The merfolk javelineer throws a silver javelin.
The silver javelin pierces through you!
The merfolk javelineer is distracted by your dazzling golden aura.
You have reached level 18!
The merfolk javelineer throws a silver javelin.
The silver javelin pierces through you but does no damage.
Unknown command.
The merfolk javelineer is no longer distracted by gold.
The merfolk javelineer throws a silver javelin.
The silver javelin pierces through you!
* * * LOW HITPOINT WARNING * * *
x2 The merfolk javelineer throws a silver javelin.
The silver javelin barely misses you.
Unknown command.
As you read the scroll of fear, it crumbles to dust.
You assume a fearsome visage.
The merfolk javelineer resists with almost no effort. x2
The merfolk javelineer throws a silver javelin.
The silver javelin pierces through you!
* * * LOW HITPOINT WARNING * * *
x2 The merfolk javelineer throws a silver javelin.
The silver javelin pierces through you!!
* * * LOW HITPOINT WARNING * * *
You die...
Your body crumbles into a pile of gold.

..#≈≈≈≈≈≈≈≈≈≈≈≈≈≈≈≈≈≈≈#
.##≈≈≈≈≈≈≈≈≈≈≈≈≈≈≈≈≈≈≈#
##≈≈≈≈≈≈≈≈≈≈≈≈≈≈≈≈≈≈≈≈#
≈≈≈≈≈≈≈≈≈≈≈≈≈≈≈≈≈≈≈≈≈≈#
.≈≈≈≈≈≈≈≈≈≈≈≈≈≈≈≈≈≈≈≈≈#
.≈≈≈≈≈≈≈≈≈≈≈≈≈≈≈≈≈≈≈≈≈#
.≈≈≈≈≈≈≈≈≈≈≈≈≈≈≈≈≈≈≈≈≈#
.≈≈≈≈≈≈≈≈≈#####≈≈≈≈≈≈≈#
..≈≈≈≈≈≈≈##≈tm##@≈≈≈≈≈#
..≈≈≈≈≈≈≈#≈≈m≈≈#mm≈≈≈≈#
.≈...≈≈≈≈#≈≈φmm'≈≈≈≈≈≈#
≈≈....≈≈≈#≈≈m≈≈#≈≈≈≈≈≈#
≈.....≈≈≈##≈≈≈##≈≈≈≈≈≈#
≈≈≈≈≈≈≈≈≈≈#####≈≈≈≈≈≈≈#
≈≈≈≈≈≈≈≈≈≈≈≈.≈≈≈≈≈≈≈≈≈#
≈≈≈≈≈≈≈≈≈≈≈≈≈≈≈≈≈≈≈≈≈≈#
#≈≈≈≈≈≈≈≈≈≈≈≈≈≈≈≈≈≈≈≈≈#


You could see 2 merfolk javelineers.

Vanquished Creatures
  4 krakens (Shoals:3)
  Polyphemus (Shoals:2)
  Roxanne (Shoals:3)
  The ghost of DeadBczImStupid the Severer, a journeyman PaBe of Trog (Orc:2)
  Ilsuiw (Shoals:2)
  Aizul (Shoals:4)
  A minotaur (Gauntlet)
  A dire elephant (Lair:3)
  3 merfolk impalers
  2 merfolk javelineers
  A fire dragon (Lair:6)
  10 hydras
  2 boulder beetles
  Harold (Lair:1)
  2 centaur warriors (Shoals:2)
  An alligator snapping turtle (Shoals:4)
  3 demonspawn (Orc:2)
  2 two-headed ogres
  3 catoblepae
  29 death yaks
  A satyr (Shoals:3)
  3 merfolk aquamancers (Shoals:4)
  The ghost of boopmooplesden the Cleaver, a novice MiFi of Okawaru (D:7)
  2 death scarabs (Gauntlet)
  2 merfolk avatars (Shoals:4)
  A tengu warrior (Shoals:1)
  6 orc high priests
  A sun demon (Orc:1)
  A spectral death yak (Gauntlet)
  A spectral hydra (Gauntlet)
  17 sea snakes
  A glowing orange brain (Gauntlet)
  A lindwurm (Lair:6)
  18 harpies
  A deep elf pyromancer (D:12)
  5 orc knights
  2 ugly things (Gauntlet)
  5 cyclopes
  17 fauns
  15 manticores
  6 orc sorcerers
  11 merfolk sirens
  21 elephants
  2 centaur zombies (D:10)
  6 water nymphs
  13 black mambas
  4 molten gargoyles
  A gargoyle (D:10)
  13 cane toads
  2 torpor snails
  2 rime drakes
  3 kobold demonologists (D:10)
  15 komodo dragons
  2 unseen horrors
  A tengu conjurer (Shoals:2)
  A red devil (Orc:2)
  The ghost of fknight the Skirmisher, an amateur HOFi (D:6)
  An ice devil (Orc:2)
  32 merfolk
  4 polar bears
  6 trolls
  3 wind drakes
  3 hornets
  17 blink frogs
  4 slime creatures
  22 dream sheep
  7 snapping turtles
  4 water elementals
  A shadow (D:11)
  Sigmund (D:4)
  6 wyverns
  69 yaks
  A vampire (D:12)
  4 wraiths
  10 basilisks
  A neqoxec (Orc:2)
  A fire elemental (Lair:3)
  3 steam dragons
  A redback (Lair:3)
  6 vampire mosquitoes (D:12)
  16 water moccasins
  5 hell hounds (Lair:6)
  A cane toad zombie (D:9)
  Pargi (Sewer)
  A sky beast (D:6)
  5 black bears
  31 orc warriors
  The ghost of Orthodox the Skirmisher, an amateur MiFi (D:3)
  3 ice beasts
  A spectral torpor snail (Gauntlet)
  5 centaurs
  6 ogres
  2 phantoms (D:5)
  14 wolves
  5 kobold brigands
  Blork the orc (D:6)
  3 gnoll sergeants
  14 bullfrogs
  A scorpion (D:9)
  12 wights
  6 electric eels
  4 howler monkeys
  5 lava snakes (Lair:6)
  A hound (D:5)
  A bullfrog zombie (D:5)
  3 jellies
  A bullfrog skeleton (D:6)
  A gnoll shaman (D:9)
  26 orc priests
  13 orc wizards
  An iguana (D:6)
  5 hell rats (Lair:3)
  A killer bee zombie (D:9)
  18 gnolls
  A howler monkey zombie (D:10)
  3 river rats (D:5)
  9 adders
  A shadow imp (D:5)
  8 white imps
  An ufetubus (D:9)
  An adder skeleton (D:4)
  3 worms
  3 dart slugs
  68 orcs
  6 endoplasms
  3 giant cockroaches
  7 goblins
  2 hobgoblins
  6 jackals
  22 kobolds
  3 quokkas
  13 ball pythons
  4 bats
  8 frilled lizards
  6 rats
  11 tentacles (Shoals:3)
885 creatures vanquished.

Vanquished Creatures (collateral kills)
  A merfolk impaler (Shoals:4)
  A merfolk avatar (Shoals:4)
  A merfolk (Shoals:4)
3 creatures vanquished.

Vanquished Creatures (others)
  3 bushes
  101 fungi
  232 plants
  144 tentacles (Shoals:3)
480 creatures vanquished.

Grand Total: 1368 creatures vanquished

Notes
Turn   | Place    | Note
-------+----------+-------------------------------------------
     0 | D:1      | Zeld the Gargoyle Earth Elementalist began the quest for
                  | the Orb.
     0 | D:1      | Reached XP level 1. HP: 10/10 MP: 3/3
   360 | D:1      | Reached XP level 2. HP: 15/15 MP: 1/5
   431 | D:1      | Reached skill level 1 in Transmutations
   499 | D:1      | Learned a level 2 spell: Passwall
   879 | D:2      | Reached XP level 3. HP: 19/19 MP: 2/6
   883 | D:2      | Learned a level 3 spell: Stone Arrow
  1992 | D:3      | Reached XP level 4. HP: 17/24 MP: 1/7
  2172 | D:3      | Found a faded altar of an unknown god.
  2238 | D:3      | Reached skill level 1 in Conjurations
  2865 | D:3      | Found a runed translucent gate.
  2865 | D:3      | Found a runed translucent gate.
  2865 | D:3      | Found a runed translucent gate.
  2870 | D:3      | Identified the +2 whip of Accidental Termination {vorpal,
                  | rF+ Str+2 SInv}
  2870 | D:3      | Identified the +3 chain mail of Disappointment {rF+}
  2871 | D:3      | Noticed Orthodox's ghost (amateur MiFi)
  3093 | D:4      | Reached XP level 5. HP: 18/28 MP: 9/9
  3107 | D:4      | Noticed an ogre
  3431 | D:4      | Killed an ogre
  3432 | D:4      | Reached skill level 5 in Earth Magic
  3432 | D:4      | Reached XP level 6. HP: 32/32 MP: 3/11
  3437 | D:4      | Learned a level 4 spell: Petrify
  3713 | D:4      | Noticed Sigmund
  3718 | D:4      | Killed Sigmund
  4204 | D:4      | Reached XP level 7. HP: 36/36 MP: 13/13
  4901 | D:5      | Entered Level 5 of the Dungeon
  4901 | D:5      | Found an iron altar of Okawaru.
  4953 | D:5      | Found a glowing drain.
  5071 | Sewer    | Entered a sewer
  5171 | Sewer    | Noticed Pargi
  5186 | Sewer    | Killed Pargi
  5583 | D:5      | Found a basalt altar of Yredelemnul.
  5728 | D:5      | Reached skill level 5 in Spellcasting
  5886 | D:5      | Reached XP level 8. HP: 41/41 MP: 15/15
  6079 | D:5      | Found a staircase to the Ecumenical Temple.
  6089 | Temple   | Entered the Ecumenical Temple
  6305 | Temple   | Became a worshipper of Gozag Ym Sagoz the Greedy
  6435 | D:6      | Noticed Blork the orc
  6440 | D:5      | Reached skill level 1 in Maces & Flails
  6609 | D:6      | Found a stormy altar of Qazlal.
  6645 | D:6      | Noticed a yak
  6646 | D:6      | Noticed a yak
  6657 | D:6      | Noticed a yak
  6658 | D:6      | Noticed a yak
  6659 | D:6      | Killed a yak
  6659 | D:6      | Noticed a yak
  6660 | D:6      | Reached skill level 1 in Fighting
  6660 | D:6      | Killed a yak
  6661 | D:6      | Reached skill level 2 in Maces & Flails
  6661 | D:6      | Noticed a yak
  6668 | D:6      | Killed a yak
  6668 | D:6      | Killed a yak
  6669 | D:6      | Reached skill level 3 in Maces & Flails
  6671 | D:6      | Killed a yak
  6672 | D:6      | Reached XP level 9. HP: 49/49 MP: 13/18
  6800 | D:6      | Found a shimmering altar of Xom.
  6901 | D:6      | Noticed a hornet
  6904 | D:6      | Killed a hornet
  6986 | D:6      | Reached skill level 4 in Maces & Flails
  7271 | D:6      | Found a runed translucent gate.
  7271 | D:6      | Found a runed translucent gate.
  7271 | D:6      | Found a runed translucent gate.
  7273 | D:6      | Noticed fknight's ghost (amateur HOFi)
  7276 | D:6      | Found a stormy altar of Qazlal.
  7328 | D:6      | Killed Blork the orc
  7478 | D:6      | Reached skill level 5 in Conjurations
  7595 | D:6      | Found a runed translucent gate.
  7595 | D:6      | Found a runed translucent gate.
  7595 | D:6      | Found a runed translucent gate.
  7599 | D:6      | Found a stormy altar of Qazlal.
  7732 | D:6      | Found a shimmering altar of Xom.
  7833 | D:6      | Found a stormy altar of Qazlal.
  8081 | D:6      | Found a shimmering altar of Xom.
  8163 | D:6      | Found a stormy altar of Qazlal.
  8167 | D:6      | Found a runed translucent gate.
  8167 | D:6      | Found a runed translucent gate.
  8169 | D:6      | Found a runed translucent gate.
  8252 | D:6      | Found a stormy altar of Qazlal.
  8614 | D:6      | Killed fknight's ghost
  8924 | D:3      | Killed Orthodox's ghost
  9230 | D:7      | Reached skill level 5 in Maces & Flails
  9395 | D:7      | Found a runed translucent gate.
  9395 | D:7      | Found a runed translucent gate.
  9395 | D:7      | Found an opulent altar of Gozag.
  9396 | D:7      | Found a runed translucent gate.
  9398 | D:7      | Noticed boopmooplesden's ghost (novice MiFi)
  9531 | D:7      | Reached XP level 10. HP: 53/56 MP: 10/20
  9703 | D:7      | Found Puseigo's Antique Armour Boutique.
 10113 | D:7      | Noticed a boulder beetle
 10137 | D:7      | Bought a heavily runed helmet for 237 gold pieces
 10137 | D:7      | Identified the +2 helmet "Menuz" {Harm *Slow rN++ Dex+8}
                  | (You bought it in a shop on level 7 of the Dungeon)
 10137 | D:7      | Bought an encrusted scale mail for 225 gold pieces
 10137 | D:7      | Identified the +3 scale mail "Kush" {Dex+6} (You bought it
                  | in a shop on level 7 of the Dungeon)
 10424 | D:7      | Reached skill level 10 in Earth Magic
 12060 | D:8      | Reached skill level 6 in Maces & Flails
 12820 | D:9      | Found a staircase to the Lair.
 13424 | D:9      | Reached skill level 5 in Fighting
 13429 | D:9      | Reached XP level 11. HP: 47/63 MP: 0/23
 13576 | D:9      | Reached skill level 7 in Maces & Flails
 14264 | D:9      | Found a radiant altar of Vehumet.
 15093 | D:10     | Entered Level 10 of the Dungeon
 15249 | D:10     | Found an ancient bone altar of Kikubaaqudgha.
 15746 | D:10     | Noticed a two-headed ogre
 15751 | D:10     | Killed a two-headed ogre
 16207 | D:10     | Reached skill level 8 in Maces & Flails
 17472 | D:11     | Noticed a boulder beetle
 17480 | D:11     | Killed a boulder beetle
 17644 | D:11     | Noticed a two-headed ogre
 17652 | D:11     | Killed a two-headed ogre
 17653 | D:11     | Reached skill level 9 in Maces & Flails
 17653 | D:11     | Reached XP level 12. HP: 47/68 MP: 10/25
 18036 | D:12     | Reached skill level 10 in Spellcasting
 19171 | D:12     | Found a staircase to the Orcish Mines.
 19450 | D:12     | Reached skill level 10 in Maces & Flails
 20374 | Orc:1    | Entered Level 1 of the Orcish Mines
 20374 | Orc:1    | Found Qouki's Book Shop.
 21333 | Orc:2    | Entered Level 2 of the Orcish Mines
 21335 | Orc:2    | Found a runed translucent door.
 21751 | Orc:2    | Noticed DeadBczImStupid's ghost (journeyman PaBe)
 23373 | Orc:2    | Noticed a sun demon
 23392 | Orc:1    | Killed a sun demon
 23534 | Orc:2    | Found Xogiskov's General Store.
 23813 | Orc:2    | Found Daculotz's General Store.
 23814 | Orc:2    | Noticed an orc high priest
 23819 | Orc:2    | Noticed a soul eater
 23819 | Orc:2    | Noticed a sun demon
 24097 | Orc:1    | Killed an orc high priest
 24098 | Orc:1    | Reached skill level 11 in Maces & Flails
 24098 | Orc:1    | Reached XP level 13. HP: 37/72 MP: 8/28
 24671 | Orc:2    | Bought a potion of haste for 140 gold pieces
 24671 | Orc:2    | Bought a scroll of enchant weapon for 105 gold pieces
 24671 | Orc:2    | Bought a potion of haste for 140 gold pieces
 24681 | Orc:2    | Bought a scroll of identify for 28 gold pieces
 26524 | Orc:2    | Reached skill level 12 in Maces & Flails
 26833 | Orc:2    | Reached skill level 10 in Conjurations
 27131 | Orc:2    | Found Buko's Jewellery Shop.
 27131 | Orc:2    | Found Dunwem's Antique Armour Boutique.
 27377 | Orc:2    | Found a one-way gate leading to the halls of Pandemonium.
 27379 | Orc:2    | Bought a pair of glowing gloves for 172 gold pieces
 27379 | Orc:2    | Bought an encrusted scale mail for 207 gold pieces
 27379 | Orc:2    | Identified the +4 scale mail of Jurchuxy {Contam rElec
                  | Regen+ Int+4} (You bought it in a shop on level 2 of the
                  | Orcish Mines)
 27379 | Orc:2    | Bought a fine leather armour for 161 gold pieces
 27379 | Orc:2    | Identified the +1 leather armour "Qijizurph" {Dex+4} (You
                  | bought it in a shop on level 2 of the Orcish Mines)
 27466 | Orc:2    | Bought a ring of wizardry for 420 gold pieces
 27882 | Orc:2    | Reached skill level 13 in Maces & Flails
 28158 | Orc:2    | Found a staircase to the Elven Halls.
 28661 | Orc:2    | Bought a ring of magical power for 280 gold pieces
 29305 | D:10     | Found a sacrificial altar of Ru.
 29305 | D:10     | Found a broken altar of Ashenzari.
 29557 | Orc:2    | Bought a pair of boots for 103 gold pieces
 29557 | Orc:2    | Bought a glowing cloak for 172 gold pieces
 29772 | Lair:1   | Entered Level 1 of the Lair of Beasts
 30411 | Lair:1   | Noticed Harold
 30442 | Lair:1   | Reached skill level 1 in Evocations
 30444 | Lair:1   | Reached skill level 1 in Armour
 30824 | Lair:1   | Killed Harold
 31030 | Lair:1   | Gained mutation: Your large and strong wings let you fly.
                  | [Gargoyle growth]
 31030 | Lair:1   | Reached XP level 14. HP: 78/78 MP: 19/30
 33450 | Lair:2   | Identified the +1 flail of the Endless March {drain, rC+
                  | Will++}
 35199 | Lair:3   | Reached skill level 14 in Maces & Flails
 35370 | Lair:3   | Found a staircase to the Shoals.
 35994 | Lair:3   | Noticed a dire elephant
 36305 | Lair:3   | Killed a dire elephant
 36836 | Lair:3   | You are sucked into a shaft and drop 3 floors!
 36836 | Lair:6   | Entered Level 6 of the Lair of Beasts
 37678 | Lair:6   | Reached XP level 15. HP: 82/82 MP: 31/31
 38137 | Lair:6   | Reached skill level 5 in Evocations
 38488 | Lair:6   | Found an opulent altar of Gozag.
 39453 | Lair:4   | Found a gate leading to a gauntlet.
 39462 | Gauntlet | Entered a Gauntlet
 39462 | Gauntlet | Found a transporter.
 39471 | Gauntlet | Found a transporter.
 39488 | Gauntlet | Found a transporter.
 39492 | Gauntlet | Found a transporter.
 39502 | Gauntlet | Found a transporter.
 39526 | Gauntlet | Found a transporter.
 39540 | Gauntlet | Found a transporter.
 39567 | Gauntlet | Found a transporter.
 39567 | Gauntlet | Found a transporter.
 39573 | Gauntlet | Found a transporter.
 39596 | Gauntlet | Found the amulet of the Four Winds {rN+ Will+++ Clar}
 39604 | Gauntlet | Found a runed translucent door.
 39604 | Gauntlet | Found a transporter.
 39604 | Gauntlet | Found a transporter.
 39606 | Gauntlet | Found a runed translucent door.
 39606 | Gauntlet | Noticed a cacodemon
 40846 | Gauntlet | Identified the ring of Symmetry {Fire Dex+3}
 41062 | Gauntlet | Identified the ring of Accord {+Blink rF+ Int+3}
 41306 | Lair:4   | Identified a scroll of acquirement
 41308 | Lair:4   | Acquired 813 gold pieces
 41553 | Lair:3   | Reached skill level 5 in Armour
 41761 | Lair:3   | Reached skill level 15 in Maces & Flails
 42886 | Lair:3   | Found a hole to the Spider Nest.
 42962 | Lair:3   | Bought a faintly glowing eveningstar for 620 gold pieces
 42962 | Lair:3   | Identified the +9 eveningstar "Poqomem" {flame, rElec rPois
                  | Int-4} (You bought it in a shop on level 3 of the Lair of
                  | Beasts)
 45909 | Lair:5   | Reached XP level 16. HP: 40/87 MP: 33/33
 46890 | Orc:1    | Bought Xiguoge's Catalogue of Combat Magic for 624 gold
                  | pieces
 47668 | Lair:6   | Found a staircase to the Slime Pits.
 48769 | Lair:6   | Found a viscous altar of Jiyva.
 49036 | Lair:6   | Found a large runed translucent door.
 49036 | Lair:6   | Found a large runed translucent door.
 49085 | Lair:6   | Reached skill level 15 in Earth Magic
 50400 | Orc:2    | Killed DeadBczImStupid's ghost
 50582 | Orc:2    | Learned a level 6 spell: Iron Shot
 50591 | Orc:2    | Learned a level 8 spell: Lehudib's Crystal Spear
 51241 | D:7      | Killed boopmooplesden's ghost
 51611 | Shoals:1 | Entered Level 1 of the Shoals
 53118 | Shoals:1 | You are sucked into a shaft and drop 1 floor!
 53758 | Shoals:2 | Reached skill level 16 in Maces & Flails
 53802 | Shoals:2 | Noticed Polyphemus
 53861 | Shoals:2 | Killed Polyphemus
 55416 | Shoals:2 | Reached XP level 17. HP: 95/95 MP: 31/35
 55477 | Shoals:2 | Noticed Ilsuiw
 56600 | Shoals:2 | Killed Ilsuiw
 57432 | Lair:3   | Bought the +7 great mace "Firestarter" {inner flame, rF++}
                  | for 2207 gold pieces
 57432 | Lair:3   | Found the +7 great mace "Firestarter" {inner flame, rF++}
 57506 | Shoals:3 | Noticed a kraken
 57506 | Shoals:3 | Noticed a kraken
 57506 | Shoals:3 | Noticed a kraken
 57506 | Shoals:3 | Noticed a kraken
 59119 | Shoals:3 | HP: 3/97 [tentacle[a kraken] (9)]
 59269 | Shoals:3 | Killed a kraken
 59605 | Shoals:3 | Identified Roxanne's Disquisition on Transmigration
 59605 | Shoals:3 | Noticed Roxanne
 59614 | Shoals:3 | Killed Roxanne
 60626 | Shoals:3 | Killed a kraken
 61827 | Shoals:3 | Killed a kraken
 62721 | Shoals:3 | Killed a kraken
 63174 | Shoals:4 | Entered Level 4 of the Shoals
 63181 | Shoals:4 | Reached skill level 10 in Evocations
 63298 | Shoals:4 | Noticed Aizul
 63306 | Shoals:4 | Killed Aizul
 66388 | Shoals:4 | Found Iblis's Gadget Gallery.
 66400 | Shoals:4 | Bought a wand of iceblast (5) for 162 gold pieces
 66400 | Shoals:4 | Bought a wand of digging (4) for 288 gold pieces
 66400 | Shoals:4 | Bought a wand of flame (11) for 117 gold pieces
 66916 | Shoals:4 | Reached XP level 18. HP: 40/105 MP: 2/36
 66918 | Shoals:4 | HP: 1/105 [merfolk javelineer/silver javelin (18)]
 66918 | Shoals:4 | Hit by a silver javelin thrown by a merfolk javelineer

Illustrated notes

Levels and vault maps discovered:
D:1:      lemuel_arrival_cross, layout_basic, hangedman_decor_points
D:2:      layout_loops_cross, minivault_26, kennysheep_generic_room_16
D:3:      layout_basic, biasface_ghost_orc_armoury,
          chequers_ecumenical_altar_grove, guppyfry_early_lair_pool
D:4:      layout_layer_cave, minmay_bisected, uniq_sigmund
D:5:      layout_loops_cross, mainiacjoe_overflow_catch_the_wave,
          minmay_temple_entry_poolview, portal_sewer_entry_a,
          saegor_snake_ambush
D:6:      layout_loops_ring, grunt_qazlal_sundering, ebering_ghost_rock_garden,
          hangedman_feature_mirror, uniq_blork_the_orc
D:7:      layout_cave_pools, ebering_ghost_gozag, serial_shops, shop,
          kennysheep_cluttered_room, minmay_manual_mess
D:8:      layout_rooms, grunt_ministairs_6
D:9:      layout_basic, general_overflow_altar, due_lair_maze_entry_diamond,
          serial_ice, serial_ice_g, serial_ice_l, serial_ice_n, serial_ice_a,
          serial_ice_c, serial_ice_m
D:10:     layout_stronghold, nicolae_overflow_hidden_temple
D:11:     layout_rooms
D:12:     layout_roguey, erik_orc_4
Temple:   regret_index_temple_generic_petals
Lair:1:   layout_regular_city, grunt_megastairs_4, serial_bayou_shore_b,
          uniq_harold
Lair:2:   layout_chaotic_city, serial_bayou_shore_a
Lair:3:   nzn_winding_woodlands_large [nzn_winding_woodlands_5x5_cross,
          nzn_winding_woodlands_5x15_parted,
          nzn_winding_woodlands_5x5_closed_star,
          nzn_winding_woodlands_center_triple_pond,
          nzn_winding_woodlands_15x15_thick_spiral,
          nzn_winding_woodlands_center_lodge,
          nzn_winding_woodlands_5x5_open_star,
          nzn_winding_woodlands_5x15_lazy_stream,
          nzn_winding_woodlands_hourglass], layout_gridlike,
          minmay_shoals_entry_hut, spider_nest_entry_a,
          nicolae_lair_grazing_beasts [nicolae_sub_lair_graze_edge,
          nicolae_sub_lair_graze_edge, nicolae_sub_lair_graze_edge,
          nicolae_sub_lair_graze_edge]
Lair:4:   layout_layer_cave, gauntlet_entry_generic,
          chequers_serial_rivers_marsh, kennysheep_basilisk_garden
Lair:5:   layout_regular_city, grunt_megastairs_1, infiniplex_staircase_pool
Lair:6:   cheibrodos_lair_end_hotspot, layout_loops_ring, slime_altar_1,
          basic_altar, chequers_serial_rivers_small_b, minivault_27
Shoals:1: layout_shoals
Shoals:2: layout_shoals, kb_tengu_band, uniq_ilsuiw, uniq_polyphemus
Shoals:3: layout_shoals, nicolae_shoals_land_atoll, nicolae_shoals_kraken_party,
          uniq_roxanne
Shoals:4: shoals_end_simple, layout_shoals, nicolae_shop_gadgets, uniq_aizul
Orc:1:    minmay_goldmine, layout_diamond_mine, serial_shops, shop_fountains
Orc:2:    pf_orc_diabolical, layout_caves, ebering_ghost_reflecting_pool

Skill      XL: |  1  2  3  4  5  6  7  8  9 10 11 12 13 14 15 16 17 |
---------------+----------------------------------------------------+-----
Transmutations | 1 |  1.0
Earth Magic    | 4 5 7 8 9 10 12 13 14 15 | 15.8
Dodging        | 2 |  2.0
Conjurations   | 1 2 3 4 5 6 7 9 10 11 12 | 12.0
Stealth        | 3 4 |  4.0
Spellcasting   | 3 4 5 6 7 8 9 11 12 13 14 | 14.0
Maces & Flails | 3 5 6 9 11 13 14 15 16 | 16.7
Fighting       | 2 3 5 6 9 |  9.3
Evocations     | 1 4 6 8 10 | 10.0
Armour         | 1 4 5 7 9 |  9.6

Action                   |  1- 3 |  4- 6 |  7- 9 | 10-12 | 13-15 | 16-18 || total
-------------------------+-------+-------+-------+-------+-------+-------++-------
Melee: Unarmed           |    30 |    15 |       |       |       |       ||    45
       Short sword       |       |    32 |   115 |       |       |       ||   147
       Punch             |       |       |     1 |     3 |     9 |     1 ||    14
       Whip              |       |       |     5 |   142 |   245 |       ||   392
       Eveningstar       |       |       |       |       |    21 |    64 ||    85
       Great mace        |       |       |       |       |       |    65 ||    65
 Cast: Sandblast         |    64 |    16 |     3 |    35 |    77 |    60 ||   255
       Stone Arrow       |       |     9 |    69 |   409 |   810 |   320 ||  1617
       Passwall          |       |       |       |     1 |     5 |     3 ||     9
       Iron Shot         |       |       |       |       |       |   313 ||   313
Invok: Call Merchant     |       |       |       |     1 |     2 |       ||     3
       Potion Petition   |       |       |       |       |     2 |       ||     2
Evoke: Wand              |       |       |    10 |     1 |    13 |     4 ||    28
       Condenser vane    |       |       |       |     1 |     2 |       ||     3
       Phial of floods   |       |       |       |       |     1 |       ||     1
  Use: Scroll            |       |       |       |    14 |    27 |    12 ||    53
       Potion            |       |       |       |       |     5 |     3 ||     8
 Stab: Sleeping          |       |     1 |     3 |       |       |       ||     4
       Distracted        |       |       |       |     1 |     2 |       ||     3
Armor: Robe              |    32 |    15 |    22 |       |       |       ||    69
       Troll leather arm |       |       |    34 |   135 |    22 |       ||   191
       Scale mail        |       |       |       |       |   468 |   588 ||  1056
       Skin              |       |       |       |       |     3 |       ||     3
Dodge: Dodged            |    76 |    34 |    80 |   172 |   293 |   355 ||  1010
Block: Other             |       |       |       |       |       |    36 ||    36
       Reflection        |       |       |       |       |       |     4 ||     4
